Devils vs Kraken
Created - November 17, 2024 at 21:05
Goals
|
| Devils |
0 |
2 |
2 |
4 |
| Kraken |
1 |
0 |
0 |
1 |
|
Shots
|
| Devils |
8 |
13 |
9 |
30 |
| Kraken |
10 |
5 |
6 |
21 |
|
1st period
1. Kraken , Ryan Nugent-Hopkins 7 (Marcus Johansson 10, Brendan Gallagher 13) at 15:53 (PP)
Penalties :
Zach Bogosian (Sea) for Roughing (Minor) at 4:52, Tyler Bertuzzi (Sea) for Holding (Minor) at 8:48, Logan Shaw (N.J) for High sticking (Minor) at 15:14, Marcus Johansson (Sea) for Holding (Minor) at 19:34
2nd period
2. Devils , Brayden Point 3 (Logan Shaw 4, Jonathan Huberdeau 9) at 5:33
3. Devils , Jonathan Huberdeau 8 (Kristopher Letang 1, Brayden Point 8) at 19:59
Penalties :
Brendan Gallagher (Sea) for Tripping (Minor) at 11:29
3rd period
4. Devils , Nail Yakupov 3 (Eric Tangradi 2, Thomas Hickey 1) at 1:51
5. Devils , Eric Tangradi 1 (Nail Yakupov 2, Anton Lander 3) at 15:09
Penalties :
Marcus Johansson (Sea) for Hooking (Minor) at 3:12, Zach Bogosian (Sea) for Tripping (Minor) at 15:12
Goalie Stats
Jonathan Quick (N.J), 20 saves from 21 shots - (0.952), W, 7-2-0, 60:00 minutes
Laurent Brossoit (Sea), 26 saves from 30 shots - (0.867), L, 5-6-0, 60:00 minutes
Players Stats for Devils
Player Name G A P +/- PIM S H SB GA TA FO MP PP MP PK MP
------------------------------------------------------------------------------------
Anton Lander 0 1 1 2 0 0 0 1 0 0 3/4 9:29 0:00 0:39
Brandon Carlo 0 0 0 1 0 2 1 1 0 1 0/0 22:44 4:54 0:39
Brayden Point 1 1 2 2 0 4 2 1 1 0 4/9 17:42 5:02 0:00
Damon Severson 0 0 0 1 0 1 1 4 0 1 0/0 21:26 6:21 0:00
Eric Tangradi 1 1 2 2 0 2 2 0 1 0 0/0 8:50 0:00 0:00
Jonathan Huberdeau 1 1 2 2 0 4 2 1 0 0 0/2 17:42 5:02 0:00
Kristopher Letang 0 1 1 1 0 2 1 0 0 0 0/0 22:05 4:54 0:00
Logan Shaw 0 1 1 2 2 1 0 0 0 0 0/0 12:35 0:00 0:00
Matt Donovan 0 0 0 2 0 0 1 0 0 0 0/0 15:50 0:39 0:00
Michael Del Zotto 0 0 0 1 0 3 0 1 3 0 0/0 22:05 6:21 0:39
Nail Yakupov 1 1 2 2 0 3 1 0 0 0 0/0 8:50 0:00 0:00
Nazem Kadri 0 0 0 0 0 0 1 0 0 0 13/27 21:56 6:52 0:00
Nick Palmieri 0 0 0 0 0 1 0 0 0 1 0/1 15:37 0:00 0:39
Ondrej Kase 0 0 0 0 0 1 0 0 0 0 0/0 15:59 5:02 0:00
Sean Monahan 0 0 0 0 0 2 0 1 1 0 2/7 17:51 6:52 0:00
Sven Baertschi 0 0 0 0 0 0 0 0 0 0 0/1 10:53 0:00 0:00
Thomas Hickey 0 1 1 2 0 0 2 0 0 1 0/0 15:50 0:39 0:00
Tyler Ennis 0 0 0 0 0 4 5 0 2 0 0/1 21:56 6:52 0:00
Players Stats for Kraken
Player Name G A P +/- PIM S H SB GA TA FO MP PP MP PK MP
------------------------------------------------------------------------------------
Alex Tuch 0 0 0 -1 0 0 0 0 0 0 1/1 13:37 0:00 0:00
Andrei Loktionov 0 0 0 -1 0 0 1 0 0 1 4/9 17:39 0:00 4:11
Andrew Cogliano 0 0 0 -2 0 3 3 1 0 1 0/0 14:32 0:00 3:07
Brendan Gallagher 0 1 1 0 2 3 2 1 0 0 1/2 20:55 0:39 5:43
Christopher Tanev 0 0 0 -2 0 0 0 1 0 0 0/0 21:12 0:39 4:09
Erik Gudbranson 0 0 0 -1 0 1 1 2 1 0 0/0 26:58 0:00 7:45
Frederick Gaudreau 0 0 0 -1 0 0 0 1 0 0 1/2 7:19 0:00 0:00
Gabriel Bourque 0 0 0 -1 0 0 3 0 1 0 0/0 9:16 0:00 1:25
Jalen Chatfield 0 0 0 -1 0 0 0 0 0 0 0/0 13:54 0:00 1:58
Jamie Oleksiak 0 0 0 -1 0 1 0 1 0 0 0/0 12:06 0:00 0:16
JT Compher 0 0 0 -2 0 1 0 0 0 1 1/1 11:05 0:00 0:00
Marcus Johansson 0 1 1 0 4 2 0 0 1 0 1/2 17:25 0:39 2:12
Olli Maatta 0 0 0 -2 0 0 1 3 0 0 0/0 21:12 0:39 4:09
Pierre-Edouard Bellemare 0 0 0 -2 0 2 1 0 0 0 4/5 11:51 0:00 0:10
Ryan Nugent-Hopkins 1 0 1 0 0 4 3 1 0 0 17/30 23:01 0:39 7:00
Tyler Bertuzzi 0 0 0 -1 2 1 2 1 1 2 0/0 13:57 0:00 0:00
Zach Bogosian 0 0 0 -1 4 2 2 1 0 3 0/0 24:42 0:00 5:31
Zach Hyman 0 0 0 -1 0 1 2 0 0 0 0/0 7:19 0:00 0:00
3 Stars
1 - Brayden Point (N.J)
2 - Jonathan Huberdeau (N.J)
3 - Eric Tangradi (N.J)
Power Play
Devils - 0 on 6 Attempt(s) - 0.00%
Kraken - 1 on 1 Attempt(s) - 100.00%
Penalty Kill
Devils - 0 on 1 Attempt(s) - 0.00%
- Score 0 goal in Penalty Kill
Kraken - 6 on 6 Attempt(s) - 100.00%
- Score 0 goal in Penalty Kill
Team Stat
Devils - Hits : 19 - Faceoff Wins : 22 - Blocked Shots : 10 - Penalty Minutes : 2
Kraken - Hits : 21 - Faceoff Wins : 30 - Blocked Shots : 13 - Penalty Minutes : 12
Official
Referees : Beaudry Halkidis and Marc Joannette
Linesman : Jesse Marquis and Derek Amell
Game Notes
No Game Note
Finance
Level 1 -- Attendance: 5416 (90.27%) -- Ticket Income $541,600
Level 2 -- Attendance: 4527 (90.54%) -- Ticket Income $316,890
Level 3 -- Attendance: 2000 (100.00%) -- Ticket Income $80,000
Level 4 -- Attendance: 4000 (100.00%) -- Ticket Income $120,000
Luxury Box -- Attendance: 1000 (100.00%) -- Ticket Income $200,000
Game was played at the Climate Pledge Arena.
Total Attendance: 16943 (94.13%)
Total Ticket Income: $1,258,490
Other Income: $188,774
Total Income: $1,447,264
Devils
5 vs 5 Forward
Center Left Wing Right Wing Time % Phy DF OF
1 Nazem Kadri Tyler Ennis Nick Palmieri 35 0 2 3
2 Brayden Point Jonathan Huberdeau Logan Shaw 30 0 2 3
3 Sean Monahan Sven Baertschi Ondrej Kase 25 0 2 3
4 Anton Lander Eric Tangradi Nail Yakupov 10 0 2 3
5 vs 5 Defense
Defense Defense Time % Phy DF OF
1 Brandon Carlo Kristopher Letang 34 1 3 1
2 Matt Donovan Thomas Hickey 30 1 3 1
3 Michael Del Zotto Damon Severson 28 1 3 1
4 Brandon Carlo Kristopher Letang 8 1 3 1
PowerPlay Forward
Center Left Wing Right Wing Time % Phy DF OF
1 Nazem Kadri Tyler Ennis Sean Monahan 55 0 0 5
2 Brayden Point Jonathan Huberdeau Ondrej Kase 45 0 0 5
PowerPlay Defense
Defense Defense Time % Phy DF OF
1 Michael Del Zotto Damon Severson 55 0 2 3
2 Kristopher Letang Brandon Carlo 45 0 2 3
Penalty Kill 4 Players Forward
Center Wing Time % Phy DF OF
1 Anton Lander Nick Palmieri 60 1 3 1
2 Nazem Kadri Logan Shaw 40 1 3 1
Penalty Kill 4 Players Defense
Defense Defense Time % Phy DF OF
1 Brandon Carlo Michael Del Zotto 60 1 4 0
2 Thomas Hickey Matt Donovan 40 1 4 0
Penalty Kill - 3 Players Forward
Forward Time % Phy DF OF
1 Nazem Kadri 60 0 4 1
2 Brayden Point 40 0 4 1
Penalty Kill - 3 Players Defense
Defense Defense Time % Phy DF OF
1 Brandon Carlo Michael Del Zotto 60 1 4 0
2 Thomas Hickey Matt Donovan 40 1 4 0
4 vs 4 Forward
Center Wing Time % Phy DF OF
1 Nazem Kadri Tyler Ennis 60 0 2 3
2 Brayden Point Jonathan Huberdeau 40 0 2 3
4 vs 4 Defense
Defense Defense Time % Phy DF OF
1 Brandon Carlo Michael Del Zotto 60 0 3 2
2 Kristopher Letang Damon Severson 40 0 3 2
Last Minutes Offensive
Center Left Wing Right Wing Defense Defense
Nazem Kadri Tyler Ennis Brayden Point Michael Del Zotto Kristopher Letang
Last Minutes Defensive
Center Left Wing Right Wing Defense Defense
Nazem Kadri Tyler Ennis Nick Palmieri Brandon Carlo Michael Del Zotto
Goaltenders
Starting : Jonathan Quick
Backup : Thomas McCollum
Extra Forwards
Normal : Sean Monahan, Ondrej Kase, Logan Shaw - PP : Nick Palmieri, Ondrej Kase - PK : Ondrej Kase
Extra Defensemen
Normal : Kristopher Letang, Matt Donovan, Damon Severson - PP : Matt Donovan - PK : Kristopher Letang, Brandon Carlo
Penalty Shots
Tyler Ennis, Nazem Kadri, Sean Monahan, Brayden Point, Jonathan Huberdeau
Custom OT Lines Forwards
Tyler Ennis, Nazem Kadri, Jonathan Huberdeau, Brayden Point, Anton Lander, Nick Palmieri, Logan Shaw, Nail Yakupov, Ondrej Kase, Sven Baertschi
Custom OT Lines Defensemen
Brandon Carlo, Michael Del Zotto, Kristopher Letang, Matt Donovan, Thomas Hickey
Scratches
Darren Dietz (Healthy)
Kraken
5 vs 5 Forward
Center Left Wing Right Wing Time % Phy DF OF
1 Ryan Nugent-Hopkins Marcus Johansson Brendan Gallagher 40 1 2 2
2 Andrei Loktionov Tyler Bertuzzi Alex Tuch 30 1 2 2
3 Pierre-Edouard Bellemare Andrew Cogliano JT Compher 20 1 2 2
4 Frederick Gaudreau Gabriel Bourque Zach Hyman 10 1 2 2
5 vs 5 Defense
Defense Defense Time % Phy DF OF
1 Zach Bogosian Erik Gudbranson 40 1 2 2
2 Olli Maatta Christopher Tanev 30 1 2 2
3 Jamie Oleksiak Jalen Chatfield 20 1 2 2
4 Zach Bogosian Erik Gudbranson 10 1 2 2
PowerPlay Forward
Center Left Wing Right Wing Time % Phy DF OF
1 Ryan Nugent-Hopkins Marcus Johansson Brendan Gallagher 60 1 2 2
2 Andrei Loktionov Tyler Bertuzzi Alex Tuch 40 1 2 2
PowerPlay Defense
Defense Defense Time % Phy DF OF
1 Zach Bogosian Erik Gudbranson 60 1 2 2
2 Olli Maatta Christopher Tanev 40 1 2 2
Penalty Kill 4 Players Forward
Center Wing Time % Phy DF OF
1 Ryan Nugent-Hopkins Brendan Gallagher 60 1 2 2
2 Andrei Loktionov Marcus Johansson 40 1 2 2
Penalty Kill 4 Players Defense
Defense Defense Time % Phy DF OF
1 Zach Bogosian Erik Gudbranson 60 1 2 2
2 Olli Maatta Christopher Tanev 40 1 2 2
Penalty Kill - 3 Players Forward
Forward Time % Phy DF OF
1 Ryan Nugent-Hopkins 60 1 2 2
2 Brendan Gallagher 40 1 2 2
Penalty Kill - 3 Players Defense
Defense Defense Time % Phy DF OF
1 Zach Bogosian Erik Gudbranson 60 1 2 2
2 Olli Maatta Christopher Tanev 40 1 2 2
4 vs 4 Forward
Center Wing Time % Phy DF OF
1 Ryan Nugent-Hopkins Brendan Gallagher 60 1 2 2
2 Andrei Loktionov Marcus Johansson 40 1 2 2
4 vs 4 Defense
Defense Defense Time % Phy DF OF
1 Zach Bogosian Erik Gudbranson 60 1 2 2
2 Olli Maatta Christopher Tanev 40 1 2 2
Last Minutes Offensive
Center Left Wing Right Wing Defense Defense
Ryan Nugent-Hopkins Marcus Johansson Brendan Gallagher Zach Bogosian Erik Gudbranson
Last Minutes Defensive
Center Left Wing Right Wing Defense Defense
Ryan Nugent-Hopkins Marcus Johansson Brendan Gallagher Zach Bogosian Erik Gudbranson
Goaltenders
Starting : Laurent Brossoit
Backup : Ebbe Siönäs
Extra Forwards
Normal : Pierre-Edouard Bellemare, JT Compher, Andrew Cogliano - PP : Pierre-Edouard Bellemare, JT Compher - PK : Andrew Cogliano
Extra Defensemen
Normal : Jamie Oleksiak, Jalen Chatfield, Olli Maatta - PP : Jamie Oleksiak - PK : Jalen Chatfield, Olli Maatta
Penalty Shots
Ryan Nugent-Hopkins, Brendan Gallagher, Andrei Loktionov, Marcus Johansson, Pierre-Edouard Bellemare
Custom OT Lines Forwards
Ryan Nugent-Hopkins, Brendan Gallagher, Andrei Loktionov, Marcus Johansson, Pierre-Edouard Bellemare, Tyler Bertuzzi, Alex Tuch, JT Compher, Andrew Cogliano, Zach Hyman
Custom OT Lines Defensemen
Zach Bogosian, Erik Gudbranson, Olli Maatta, Christopher Tanev, Jamie Oleksiak
Scratches
Victor Olofsson (Healthy)
% Time on Ice - Devils
Lines # - Real PCT - Wanted PCT - Time Play
Normal Forward
1 - 32% - 35% - 15:04
2 - 27% - 30% - 12:40
3 - 23% - 25% - 10:53
4 - 19% - 10% - 8:50
Normal Defense
1 - 34% - 34% - 16:15
2 - 32% - 30% - 15:25
3 - 30% - 28% - 14:20
4 - 3% - 8% - 1:27
PP Forward
1 - 58% - 55% - 6:52
2 - 42% - 45% - 5:02
PP Defense
1 - 54% - 55% - 6:23
2 - 46% - 45% - 5:31
PK Forward
1 - 100% - 60% - 0:39
2 - 0% - 40% - 0:00
PK Defense
1 - 100% - 60% - 0:39
2 - 0% - 40% - 0:00
PK3 Forward
1 - 0% - 60%
2 - 0% - 40%
PK3 Defense
1 - 0% - 60%
2 - 0% - 40%
44 Forward
1 - 0% - 60%
2 - 0% - 40%
44 Defense
1 - 0% - 60%
2 - 0% - 40%
Last Minute Offensive - 0:00
Last Minute Defensive - 0:00
Total
Forward - 60:00
Defense - 60:00
|
% Time on Ice - Kraken
Lines # - Real PCT - Wanted PCT - Time Play
Normal Forward
1 - 32% - 40% - 15:24
2 - 29% - 30% - 13:39
3 - 23% - 20% - 11:05
4 - 15% - 10% - 7:19
Normal Defense
1 - 38% - 40% - 17:53
2 - 35% - 30% - 16:24
3 - 25% - 20% - 11:50
4 - 3% - 10% - 1:20
PP Forward
1 - 100% - 60% - 0:39
2 - 0% - 40% - 0:00
PP Defense
1 - 0% - 60% - 0:00
2 - 100% - 40% - 0:39
PK Forward
1 - 72% - 60% - 8:33
2 - 28% - 40% - 3:21
PK Defense
1 - 65% - 60% - 7:45
2 - 35% - 40% - 4:09
PK3 Forward
1 - 0% - 60%
2 - 0% - 40%
PK3 Defense
1 - 0% - 60%
2 - 0% - 40%
44 Forward
1 - 0% - 60%
2 - 0% - 40%
44 Defense
1 - 0% - 60%
2 - 0% - 40%
Last Minute Offensive - 0:00
Last Minute Defensive - 0:00
Total
Forward - 60:00
Defense - 60:00
|
Play-by-Play
1st period
0:01 of 1st period - Nazem Kadri wins face-off versus Ryan Nugent-Hopkins in neutral zone.
0:06 of 1st period - Slapshot by Nazem Kadri.
0:06 of 1st period - Shot Misses the Net.
1:51 of 1st period - Icing by Tyler Ennis.
1:52 of 1st period - Nazem Kadri wins face-off versus Andrei Loktionov in Devils zone.
2:01 of 1st period - Snap shot by Tyler Bertuzzi.
2:01 of 1st period - Shot Misses the Net.
2:26 of 1st period - Damon Severson is hit by Pierre-Edouard Bellemare and loses puck.
2:35 of 1st period - Olli Maatta is hit by Damon Severson and loses puck.
3:02 of 1st period - Snap shot by Frederick Gaudreau.
3:02 of 1st period - Shot Misses the Net.
3:26 of 1st period - Slapshot by Erik Gudbranson.
3:26 of 1st period - Stopped by Jonathan Quick with a rebound.
3:59 of 1st period - Ryan Nugent-Hopkins is hit by Brayden Point and loses puck.
4:52 of 1st period - Minor Penalty to Zach Bogosian for Roughing.
4:53 of 1st period - Nazem Kadri wins face-off versus Ryan Nugent-Hopkins in Kraken zone.
5:00 of 1st period - Snap shot by Nazem Kadri.
5:00 of 1st period - Shot Blocked by Olli Maatta.
5:02 of 1st period - Snap shot by Sean Monahan.
5:02 of 1st period - Shot Blocked by Olli Maatta.
5:04 of 1st period - Slapshot by Kristopher Letang.
5:04 of 1st period - Stopped by Laurent Brossoit without a rebound.
5:05 of 1st period - Nazem Kadri wins face-off versus Ryan Nugent-Hopkins in Kraken zone.
5:19 of 1st period - Snap shot by Sean Monahan.
5:19 of 1st period - Shot Misses the Net.
5:21 of 1st period - Slapshot by Kristopher Letang.
5:21 of 1st period - Stopped by Laurent Brossoit with a rebound.
6:19 of 1st period - Snap shot by Brendan Gallagher.
6:19 of 1st period - Shot Misses the Net.
6:52 of 1st period - Penalty to Zach Bogosian is over, Zach Bogosian is back on ice.
7:32 of 1st period - Wrist shot by Tyler Bertuzzi.
7:32 of 1st period - Stopped by Jonathan Quick without a rebound.
7:33 of 1st period - JT Compher wins face-off versus Brayden Point in Devils zone.
8:05 of 1st period - Andrei Loktionov is hit by Brandon Carlo and loses puck.
8:19 of 1st period - Off-side.
8:20 of 1st period - Frederick Gaudreau wins face-off versus Sean Monahan in neutral zone.
8:48 of 1st period - Minor Penalty to Tyler Bertuzzi for Holding.
8:49 of 1st period - Nazem Kadri wins face-off versus Ryan Nugent-Hopkins in Kraken zone.
8:59 of 1st period - Icing by Damon Severson.
9:00 of 1st period - Nazem Kadri wins face-off versus Ryan Nugent-Hopkins in Devils zone.
9:07 of 1st period - Erik Gudbranson is hit by Tyler Ennis and loses puck.
9:28 of 1st period - Snap shot by Tyler Ennis.
9:28 of 1st period - Stopped by Laurent Brossoit without a rebound.
9:29 of 1st period - Andrei Loktionov wins face-off versus Brayden Point in Kraken zone.
10:48 of 1st period - Penalty to Tyler Bertuzzi is over, Tyler Bertuzzi is back on ice.
11:22 of 1st period - Snap shot by Gabriel Bourque.
11:22 of 1st period - Shot Hit the Post.
11:24 of 1st period - Wrist shot by Gabriel Bourque.
11:24 of 1st period - Shot Blocked by Sean Monahan.
11:26 of 1st period - Wrist shot by Jamie Oleksiak.
11:26 of 1st period - Stopped by Jonathan Quick with a rebound.
11:48 of 1st period - Snap shot by Andrew Cogliano.
11:48 of 1st period - Stopped by Jonathan Quick with a rebound.
11:50 of 1st period - Wrist shot by Andrew Cogliano.
11:50 of 1st period - Stopped by Jonathan Quick with a rebound.
11:52 of 1st period - Slapshot by Pierre-Edouard Bellemare.
11:52 of 1st period - Shot Blocked by Anton Lander.
11:54 of 1st period - Snap shot by Pierre-Edouard Bellemare.
11:54 of 1st period - Shot Misses the Net.
12:08 of 1st period - Snap shot by Brayden Point.
12:08 of 1st period - Stopped by Laurent Brossoit with a rebound.
12:40 of 1st period - Ondrej Kase is hit by Erik Gudbranson and loses puck.
13:11 of 1st period - Damon Severson is hit by Gabriel Bourque and loses puck.
13:34 of 1st period - Wrist shot by Pierre-Edouard Bellemare.
13:34 of 1st period - Shot Misses the Net.
14:13 of 1st period - Snap shot by Ondrej Kase.
14:13 of 1st period - Shot Misses the Net.
14:15 of 1st period - Snap shot by Brandon Carlo.
14:15 of 1st period - Stopped by Laurent Brossoit without a rebound.
14:16 of 1st period - Sean Monahan wins face-off versus Frederick Gaudreau in Kraken zone.
14:24 of 1st period - Wrist shot by Sean Monahan.
14:24 of 1st period - Shot Misses the Net.
14:26 of 1st period - Snap shot by Brandon Carlo.
14:26 of 1st period - Stopped by Laurent Brossoit without a rebound.
14:27 of 1st period - Nazem Kadri wins face-off versus Ryan Nugent-Hopkins in Kraken zone.
14:28 of 1st period - Wrist shot by Tyler Ennis.
14:28 of 1st period - Stopped by Laurent Brossoit with a rebound.
15:14 of 1st period - Minor Penalty to Logan Shaw for High sticking.
15:15 of 1st period - Ryan Nugent-Hopkins wins face-off versus Anton Lander in Devils zone.
15:26 of 1st period - Snap shot by Ryan Nugent-Hopkins.
15:26 of 1st period - Shot Blocked by Michael Del Zotto.
15:38 of 1st period - Nick Palmieri is hit by Ryan Nugent-Hopkins and loses puck.
15:53 of 1st period - Snap shot by Ryan Nugent-Hopkins.
15:53 of 1st period - Goal by Ryan Nugent-Hopkins - Devils : 0 - Kraken : 1.
15:54 of 1st period - Alex Tuch wins face-off versus Brayden Point in neutral zone.
16:42 of 1st period - JT Compher is hit by Tyler Ennis and loses puck.
17:05 of 1st period - Snap shot by JT Compher.
17:05 of 1st period - Shot Misses the Net.
17:07 of 1st period - Snap shot by Pierre-Edouard Bellemare.
17:07 of 1st period - Stopped by Jonathan Quick with a rebound.
17:09 of 1st period - Snap shot by Pierre-Edouard Bellemare.
17:09 of 1st period - Deflect By Damon Severson.
17:09 of 1st period - Stopped by Jonathan Quick with a rebound.
17:11 of 1st period - Wrist shot by Pierre-Edouard Bellemare.
17:11 of 1st period - Shot Misses the Net.
17:13 of 1st period - Snap shot by JT Compher.
17:13 of 1st period - Stopped by Jonathan Quick with a rebound.
17:15 of 1st period - Wrist shot by Erik Gudbranson.
17:15 of 1st period - Deflect By Andrew Cogliano.
17:15 of 1st period - Shot Blocked by Damon Severson.
17:15 of 1st period - Puck is out of play.
17:16 of 1st period - Brayden Point wins face-off versus Marcus Johansson in Devils zone.
18:31 of 1st period - Kristopher Letang is hit by Ryan Nugent-Hopkins and loses puck.
18:35 of 1st period - Icing by Brandon Carlo.
18:36 of 1st period - Andrei Loktionov wins face-off versus Jonathan Huberdeau in Devils zone.
18:51 of 1st period - Slapshot by Zach Bogosian.
18:51 of 1st period - Stopped by Jonathan Quick with a rebound.
19:05 of 1st period - Snap shot by Tyler Ennis.
19:05 of 1st period - Stopped by Laurent Brossoit without a rebound.
19:06 of 1st period - Brendan Gallagher wins face-off versus Nazem Kadri in Kraken zone.
19:11 of 1st period - Nick Palmieri is hit by Zach Bogosian and loses puck.
19:34 of 1st period - Minor Penalty to Marcus Johansson for Holding.
19:35 of 1st period - Ryan Nugent-Hopkins wins face-off versus Nazem Kadri in Kraken zone.
Goals for this period are 0 for Devils vs 1 for Kraken.
Shots for this period are 8 for Devils vs 10 for Kraken.
2nd period
0:01 of 2nd period - Nazem Kadri wins face-off versus Ryan Nugent-Hopkins in neutral zone.
1:31 of 2nd period - Erik Gudbranson is hit by Jonathan Huberdeau and loses puck.
1:34 of 2nd period - Penalty to Marcus Johansson is over, Marcus Johansson is back on ice.
1:52 of 2nd period - Snap shot by Ryan Nugent-Hopkins.
1:52 of 2nd period - Stopped by Jonathan Quick with a rebound.
2:04 of 2nd period - Snap shot by Marcus Johansson.
2:04 of 2nd period - Shot Misses the Net.
2:25 of 2nd period - Off-side.
2:26 of 2nd period - Brayden Point wins face-off versus Andrei Loktionov in neutral zone.
2:39 of 2nd period - Matt Donovan is hit by Tyler Bertuzzi and loses puck.
2:52 of 2nd period - Zach Hyman is hit by Tyler Ennis and loses puck.
2:59 of 2nd period - Thomas Hickey is hit by Zach Hyman and loses puck.
3:21 of 2nd period - Icing by Jalen Chatfield.
3:22 of 2nd period - Sean Monahan wins face-off versus Pierre-Edouard Bellemare in Kraken zone.
4:22 of 2nd period - Damon Severson is hit by Olli Maatta and loses puck.
4:47 of 2nd period - Slapshot by Damon Severson.
4:47 of 2nd period - Shot Blocked by Erik Gudbranson.
4:49 of 2nd period - Slapshot by Michael Del Zotto.
4:49 of 2nd period - Stopped by Laurent Brossoit with a rebound.
4:51 of 2nd period - Slapshot by Damon Severson.
4:51 of 2nd period - Shot Blocked by Zach Bogosian.
4:53 of 2nd period - Slapshot by Michael Del Zotto.
4:53 of 2nd period - Stopped by Laurent Brossoit without a rebound.
4:54 of 2nd period - Pierre-Edouard Bellemare wins face-off versus Nazem Kadri in Kraken zone.
4:54 of 2nd period - Pierre-Edouard Bellemare is hit by Thomas Hickey.
5:25 of 2nd period - Off-side.
5:26 of 2nd period - Brayden Point wins face-off versus Andrei Loktionov in neutral zone.
5:33 of 2nd period - Wrist shot by Brayden Point.
5:33 of 2nd period - Deflect By Andrei Loktionov.
5:33 of 2nd period - Goal by Brayden Point - Devils : 1 - Kraken : 1.
5:34 of 2nd period - Nazem Kadri wins face-off versus Ryan Nugent-Hopkins in neutral zone.
5:46 of 2nd period - Snap shot by Marcus Johansson.
5:46 of 2nd period - Stopped by Jonathan Quick with a rebound.
6:42 of 2nd period - Snap shot by Anton Lander.
6:42 of 2nd period - Shot Misses the Net.
6:44 of 2nd period - Snap shot by Damon Severson.
6:44 of 2nd period - Stopped by Laurent Brossoit without a rebound.
6:45 of 2nd period - Anton Lander wins face-off versus Brendan Gallagher in Kraken zone.
7:04 of 2nd period - Snap shot by Nail Yakupov.
7:04 of 2nd period - Shot Misses the Net.
7:06 of 2nd period - Slapshot by Michael Del Zotto.
7:06 of 2nd period - Stopped by Laurent Brossoit without a rebound.
7:07 of 2nd period - Andrei Loktionov wins face-off versus Tyler Ennis in Kraken zone.
7:24 of 2nd period - Snap shot by Nazem Kadri.
7:24 of 2nd period - Deflect By Tyler Ennis.
7:24 of 2nd period - Shot Misses the Net.
7:24 of 2nd period - Puck is out of play.
7:25 of 2nd period - Ryan Nugent-Hopkins wins face-off versus Sean Monahan in Kraken zone.
7:37 of 2nd period - Slapshot by Brendan Gallagher.
7:37 of 2nd period - Stopped by Jonathan Quick with a rebound.
7:39 of 2nd period - Slapshot by Ryan Nugent-Hopkins.
7:39 of 2nd period - Stopped by Jonathan Quick without a rebound.
7:40 of 2nd period - Ryan Nugent-Hopkins wins face-off versus Nazem Kadri in Devils zone.
7:51 of 2nd period - Wrist shot by Tyler Ennis.
7:51 of 2nd period - Shot Misses the Net.
7:53 of 2nd period - Snap shot by Nick Palmieri.
7:53 of 2nd period - Stopped by Laurent Brossoit with a rebound.
9:38 of 2nd period - Icing by Jalen Chatfield.
9:39 of 2nd period - Ryan Nugent-Hopkins wins face-off versus Sean Monahan in Kraken zone.
11:02 of 2nd period - Snap shot by Tyler Ennis.
11:02 of 2nd period - Shot Misses the Net.
11:09 of 2nd period - Icing by Olli Maatta.
11:10 of 2nd period - Anton Lander wins face-off versus Andrei Loktionov in Kraken zone.
11:11 of 2nd period - Snap shot by Nail Yakupov.
11:11 of 2nd period - Shot Misses the Net.
11:13 of 2nd period - Snap shot by Logan Shaw.
11:13 of 2nd period - Stopped by Laurent Brossoit without a rebound.
11:14 of 2nd period - Ryan Nugent-Hopkins wins face-off versus Jonathan Huberdeau in Kraken zone.
11:14 of 2nd period - Ryan Nugent-Hopkins is hit by Brayden Point.
11:22 of 2nd period - Snap shot by Jonathan Huberdeau.
11:22 of 2nd period - Stopped by Laurent Brossoit with a rebound.
11:26 of 2nd period - Wrist shot by Jonathan Huberdeau.
11:26 of 2nd period - Deflect By Logan Shaw.
11:26 of 2nd period - Shot Blocked by Ryan Nugent-Hopkins.
11:26 of 2nd period - Puck is out of play.
11:27 of 2nd period - Ryan Nugent-Hopkins wins face-off versus Nazem Kadri in Kraken zone.
11:29 of 2nd period - Minor Penalty to Brendan Gallagher for Tripping.
11:30 of 2nd period - Nazem Kadri wins face-off versus Ryan Nugent-Hopkins in Kraken zone.
12:16 of 2nd period - Christopher Tanev is hit by Kristopher Letang.
13:29 of 2nd period - Penalty to Brendan Gallagher is over, Brendan Gallagher is back on ice.
13:44 of 2nd period - Jamie Oleksiak is hit by Nail Yakupov and loses puck.
13:50 of 2nd period - Off-side.
13:51 of 2nd period - Brayden Point wins face-off versus Ryan Nugent-Hopkins in neutral zone.
14:15 of 2nd period - JT Compher is hit by Eric Tangradi.
14:22 of 2nd period - Icing by Pierre-Edouard Bellemare.
14:23 of 2nd period - Pierre-Edouard Bellemare wins face-off versus Nick Palmieri in Kraken zone.
15:13 of 2nd period - Wrist shot by JT Compher.
15:13 of 2nd period - Shot Misses the Net.
15:15 of 2nd period - Slapshot by Andrew Cogliano.
15:15 of 2nd period - Stopped by Jonathan Quick with a rebound.
15:36 of 2nd period - Anton Lander is hit by Ryan Nugent-Hopkins and loses puck.
17:10 of 2nd period - Snap shot by Nail Yakupov.
17:10 of 2nd period - Shot Misses the Net.
17:12 of 2nd period - Snap shot by Anton Lander.
17:12 of 2nd period - Shot Blocked by Jamie Oleksiak.
17:14 of 2nd period - Snap shot by Thomas Hickey.
17:14 of 2nd period - Deflect By Nail Yakupov.
17:14 of 2nd period - Shot Misses the Net.
17:14 of 2nd period - Puck is out of play.
17:15 of 2nd period - Ryan Nugent-Hopkins wins face-off versus Nazem Kadri in Kraken zone.
17:26 of 2nd period - Kristopher Letang is hit by Brendan Gallagher and loses puck.
17:46 of 2nd period - Ondrej Kase is hit by Gabriel Bourque and loses puck.
18:05 of 2nd period - Snap shot by Pierre-Edouard Bellemare.
18:05 of 2nd period - Shot Blocked by Damon Severson.
18:31 of 2nd period - Snap shot by Anton Lander.
18:31 of 2nd period - Deflect By Nail Yakupov.
18:31 of 2nd period - Stopped by Laurent Brossoit with a rebound.
18:41 of 2nd period - Ryan Nugent-Hopkins is hit by Matt Donovan and loses puck.
19:33 of 2nd period - Off-side.
19:34 of 2nd period - Pierre-Edouard Bellemare wins face-off versus Brayden Point in neutral zone.
19:45 of 2nd period - Snap shot by Jonathan Huberdeau.
19:45 of 2nd period - Stopped by Laurent Brossoit with a rebound.
19:51 of 2nd period - Wrist shot by Logan Shaw.
19:51 of 2nd period - Shot Misses the Net.
19:53 of 2nd period - Snap shot by Brayden Point.
19:53 of 2nd period - Stopped by Laurent Brossoit with a rebound.
19:55 of 2nd period - Slapshot by Kristopher Letang.
19:55 of 2nd period - Deflect By Brayden Point.
19:55 of 2nd period - Stopped by Laurent Brossoit with a rebound.
19:57 of 2nd period - Slapshot by Kristopher Letang.
19:57 of 2nd period - Shot Misses the Net.
19:59 of 2nd period - Snap shot by Jonathan Huberdeau.
19:59 of 2nd period - Goal by Jonathan Huberdeau - Devils : 2 - Kraken : 1.
Goals for this period are 2 for Devils vs 0 for Kraken.
Shots for this period are 13 for Devils vs 5 for Kraken.
3rd period
0:01 of 3rd period - Ryan Nugent-Hopkins wins face-off versus Nazem Kadri in neutral zone.
0:04 of 3rd period - Snap shot by Zach Bogosian.
0:04 of 3rd period - Deflect By Brandon Carlo.
0:04 of 3rd period - Stopped by Jonathan Quick with a rebound.
0:26 of 3rd period - Kristopher Letang is hit by Tyler Bertuzzi and loses puck.
0:33 of 3rd period - Snap shot by Sean Monahan.
0:33 of 3rd period - Stopped by Laurent Brossoit with a rebound.
0:35 of 3rd period - Wrist shot by Matt Donovan.
0:35 of 3rd period - Shot Blocked by Tyler Bertuzzi.
0:37 of 3rd period - Wrist shot by Ondrej Kase.
0:37 of 3rd period - Stopped by Laurent Brossoit without a rebound.
0:38 of 3rd period - Marcus Johansson wins face-off versus Nazem Kadri in Kraken zone.
1:49 of 3rd period - Snap shot by Eric Tangradi.
1:49 of 3rd period - Shot Blocked by Frederick Gaudreau.
1:51 of 3rd period - Snap shot by Nail Yakupov.
1:51 of 3rd period - Goal by Nail Yakupov - Devils : 3 - Kraken : 1.
1:52 of 3rd period - Ryan Nugent-Hopkins wins face-off versus Nazem Kadri in neutral zone.
2:07 of 3rd period - Snap shot by Ryan Nugent-Hopkins.
2:07 of 3rd period - Deflect By Marcus Johansson.
2:07 of 3rd period - Stopped by Jonathan Quick with a rebound.
2:19 of 3rd period - Erik Gudbranson is hit by Jonathan Huberdeau and loses puck.
2:28 of 3rd period - Wrist shot by Olli Maatta.
2:28 of 3rd period - Shot Misses the Net.
2:48 of 3rd period - Snap shot by Sean Monahan.
2:48 of 3rd period - Shot Misses the Net.
2:52 of 3rd period - Wrist shot by Sean Monahan.
2:52 of 3rd period - Shot Misses the Net.
2:54 of 3rd period - Wrist shot by Sean Monahan.
2:54 of 3rd period - Stopped by Laurent Brossoit without a rebound.
2:55 of 3rd period - Ryan Nugent-Hopkins wins face-off versus Nazem Kadri in Kraken zone.
2:55 of 3rd period - Ryan Nugent-Hopkins is hit by Nazem Kadri.
3:12 of 3rd period - Minor Penalty to Marcus Johansson for Hooking.
3:13 of 3rd period - Nazem Kadri wins face-off versus Ryan Nugent-Hopkins in Kraken zone.
3:19 of 3rd period - Snap shot by Nazem Kadri.
3:19 of 3rd period - Deflect By Sean Monahan.
3:19 of 3rd period - Shot Misses the Net.
3:19 of 3rd period - Puck is out of play.
3:20 of 3rd period - Ryan Nugent-Hopkins wins face-off versus Nazem Kadri in Kraken zone.
3:41 of 3rd period - Slapshot by Brendan Gallagher.
3:41 of 3rd period - Stopped by Jonathan Quick without a rebound.
3:42 of 3rd period - Ryan Nugent-Hopkins wins face-off versus Brayden Point in Devils zone.
3:59 of 3rd period - Snap shot by Jonathan Huberdeau.
3:59 of 3rd period - Shot Blocked by Erik Gudbranson.
4:23 of 3rd period - Nazem Kadri is hit by Zach Bogosian and loses puck.
5:12 of 3rd period - Penalty to Marcus Johansson is over, Marcus Johansson is back on ice.
5:22 of 3rd period - Jalen Chatfield is hit by Eric Tangradi and loses puck.
5:29 of 3rd period - Wrist shot by Zach Hyman.
5:29 of 3rd period - Stopped by Jonathan Quick with a rebound.
6:08 of 3rd period - Slapshot by Ondrej Kase.
6:08 of 3rd period - Shot Blocked by Brendan Gallagher.
6:43 of 3rd period - Slapshot by Tyler Bertuzzi.
6:43 of 3rd period - Deflect By Andrei Loktionov.
6:43 of 3rd period - Shot Blocked by Damon Severson.
6:43 of 3rd period - Puck is out of play.
6:44 of 3rd period - Andrei Loktionov wins face-off versus Sean Monahan in Devils zone.
7:36 of 3rd period - Wrist shot by Nazem Kadri.
7:36 of 3rd period - Deflect By Brendan Gallagher.
7:36 of 3rd period - Shot Misses the Net.
7:36 of 3rd period - Puck is out of play.
7:37 of 3rd period - Nazem Kadri wins face-off versus Ryan Nugent-Hopkins in Kraken zone.
7:48 of 3rd period - Snap shot by Tyler Ennis.
7:48 of 3rd period - Stopped by Laurent Brossoit without a rebound.
7:49 of 3rd period - Nazem Kadri wins face-off versus Ryan Nugent-Hopkins in Kraken zone.
7:56 of 3rd period - Wrist shot by Nick Palmieri.
7:56 of 3rd period - Shot Misses the Net.
9:25 of 3rd period - Slapshot by Brayden Point.
9:25 of 3rd period - Shot Blocked by Christopher Tanev.
9:27 of 3rd period - Snap shot by Jonathan Huberdeau.
9:27 of 3rd period - Stopped by Laurent Brossoit with a rebound.
9:29 of 3rd period - Slapshot by Matt Donovan.
9:29 of 3rd period - Shot Blocked by Olli Maatta.
9:47 of 3rd period - Snap shot by Sean Monahan.
9:47 of 3rd period - Deflect By Tyler Bertuzzi.
9:47 of 3rd period - Shot Misses the Net.
9:47 of 3rd period - Puck is out of play.
9:48 of 3rd period - Pierre-Edouard Bellemare wins face-off versus Nazem Kadri in Kraken zone.
10:29 of 3rd period - Wrist shot by Tyler Bertuzzi.
10:29 of 3rd period - Shot Blocked by Jonathan Huberdeau.
11:05 of 3rd period - Snap shot by Gabriel Bourque.
11:05 of 3rd period - Shot Misses the Net.
11:15 of 3rd period - Wrist shot by Zach Hyman.
11:15 of 3rd period - Shot Blocked by Damon Severson.
11:33 of 3rd period - Michael Del Zotto is hit by Andrew Cogliano and loses puck.
11:52 of 3rd period - Snap shot by Andrei Loktionov.
11:52 of 3rd period - Shot Misses the Net.
11:54 of 3rd period - Slapshot by Christopher Tanev.
11:54 of 3rd period - Shot Blocked by Brandon Carlo.
11:56 of 3rd period - Slapshot by Olli Maatta.
11:56 of 3rd period - Deflect By Alex Tuch.
11:56 of 3rd period - Shot Blocked by Brayden Point.
11:56 of 3rd period - Puck is out of play.
11:57 of 3rd period - Ryan Nugent-Hopkins wins face-off versus Sven Baertschi in Devils zone.
12:00 of 3rd period - Slapshot by Brendan Gallagher.
12:00 of 3rd period - Stopped by Jonathan Quick without a rebound.
12:01 of 3rd period - Ryan Nugent-Hopkins wins face-off versus Sean Monahan in Devils zone.
12:08 of 3rd period - Wrist shot by Ryan Nugent-Hopkins.
12:08 of 3rd period - Stopped by Jonathan Quick with a rebound.
12:30 of 3rd period - Brandon Carlo is hit by Andrew Cogliano and loses puck.
14:04 of 3rd period - Nazem Kadri is hit by Andrew Cogliano.
14:20 of 3rd period - Christopher Tanev is hit by Thomas Hickey and loses puck.
14:50 of 3rd period - Sven Baertschi is hit by Andrei Loktionov and loses puck.
15:03 of 3rd period - Snap shot by Nail Yakupov.
15:03 of 3rd period - Deflect By Eric Tangradi.
15:03 of 3rd period - Stopped by Laurent Brossoit with a rebound.
15:05 of 3rd period - Wrist shot by Anton Lander.
15:05 of 3rd period - Shot Misses the Net.
15:07 of 3rd period - Slapshot by Nail Yakupov.
15:07 of 3rd period - Shot Misses the Net.
15:09 of 3rd period - Wrist shot by Eric Tangradi.
15:09 of 3rd period - Goal by Eric Tangradi - Devils : 4 - Kraken : 1.
15:10 of 3rd period - Ryan Nugent-Hopkins wins face-off versus Nazem Kadri in neutral zone.
15:12 of 3rd period - Minor Penalty to Zach Bogosian for Tripping.
15:13 of 3rd period - Ryan Nugent-Hopkins wins face-off versus Nazem Kadri in Kraken zone.
15:13 of 3rd period - Ryan Nugent-Hopkins is hit by Tyler Ennis.
16:46 of 3rd period - Kristopher Letang is hit by Gabriel Bourque and loses puck.
17:12 of 3rd period - Penalty to Zach Bogosian is over, Zach Bogosian is back on ice.
17:27 of 3rd period - Wrist shot by Eric Tangradi.
17:27 of 3rd period - Deflect By Anton Lander.
17:27 of 3rd period - Shot Blocked by Andrew Cogliano.
17:27 of 3rd period - Puck is out of play.
17:28 of 3rd period - Anton Lander wins face-off versus Andrei Loktionov in Kraken zone.
17:31 of 3rd period - Wrist shot by Anton Lander.
17:31 of 3rd period - Shot Misses the Net.
17:33 of 3rd period - Wrist shot by Nail Yakupov.
17:33 of 3rd period - Stopped by Laurent Brossoit with a rebound.
17:53 of 3rd period - Logan Shaw is hit by Brendan Gallagher and loses puck.
18:29 of 3rd period - Nick Palmieri is hit by Zach Hyman and loses puck.
19:16 of 3rd period - Snap shot by Jonathan Huberdeau.
19:16 of 3rd period - Shot Misses the Net.
19:37 of 3rd period - Marcus Johansson is hit by Tyler Ennis and loses puck.
19:55 of 3rd period - Wrist shot by Jamie Oleksiak.
19:55 of 3rd period - Shot Misses the Net.
Goals for this period are 2 for Devils vs 0 for Kraken.
Shots for this period are 9 for Devils vs 6 for Kraken.